 Dungeon Crawl Stone Soup version 0.27-a0-695-gb4952372f7 (webtiles) character file.

Game seed: 2025016444551263312

865 Johnny the Slasher (level 7, 0/106 HPs)
             Began as a Troll Berserker on Mar 22, 2021.
             Was an Elder of Trog.
             Slain by Duvessa
             ... wielding a +0 short sword
              (15 damage)
             ... on level 4 of the Dungeon.
             The game lasted 00:05:39 (3629 turns).

Johnny the Slasher (Troll Berserker)                Turns: 3629, Time: 00:05:39

Health: 0/106      AC:  5    Str: 28    XL:     7   Next: 72%
Magic:  6/6        EV: 10    Int:  3    God:    Trog [****..]
Gold:   138        SH:  0    Dex:  9    Spells: 6/6 levels left

rFire    . . .     SeeInvis +   a - +0 falchion
rCold    . . .     Faith    +   (no shield)
rNeg     . . .     Spirit   .   b - +0 animal skin
rPois    .         Reflect  .   (helmet restricted)
rElec    .         Harm     .   e - +0 cloak
rCorr    .         Rampage  .   (gloves unavailable)
Will     .....                  (boots unavailable)
Stlth    ..........             m - amulet of faith
HPRegen  1.27/turn              f - ring of see invisible
MPRegen  0.10/turn              (no ring)

@: berserking (expiring), very quick
A: large, unfitting armour, claws 3, regeneration 1, shaggy fur 1, tough skin 1
a: Renounce Religion, Berserk, Trog's Hand, Brothers in Arms


You were on level 4 of the Dungeon.
You worshipped Trog.
Trog was greatly pleased with you.
You visited 1 branch of the dungeon, and saw 6 of its levels.
You also visited: Sewer.

You collected 138 gold pieces.

Inventory:

Hand Weapons
 a - a +0 falchion (weapon)
 h - a +3 dagger
Armour
 b - a +0 animal skin (worn)
 e - a +0 cloak (worn)
Jewellery
 c - a ring of flight
 f - a ring of see invisible (right claw)
 m - an amulet of faith (around neck)
 o - an amulet of reflection
Wands
 q - a wand of charming (9)
Scrolls
 g - a scroll of fog
 k - a scroll of immolation {unknown}
 l - a scroll of noise {unknown}
 n - 2 scrolls of magic mapping {unknown}
 r - 2 scrolls of identify
Potions
 d - 3 potions of heal wounds
 i - 3 potions of curing
 j - a potion of might {unknown}
 p - a potion of flight {unknown}


   Skills:
 + Level 4.7 Fighting
 * Level 6.5 Long Blades
 - Level 2.4 Dodging


You had 6 spell levels left.
You didn't know any spells.
Your spell library contained the following spells:

 Spells                   Type           Power      Damage    Failure   Level
 Animate Skeleton         Necr           0%         N/A       52%         1
 Apportation              Tloc           0%         N/A       52%         1
 Corona                   Hex            0%         N/A       52%         1
 Magic Dart               Conj           0%         1d3       52%         1
 Summon Small Mammal      Summ           0%         N/A       52%         1
 Blink                    Tloc           N/A        N/A       67%         2
 Call Imp                 Summ           0%         N/A       67%         2
 Slow                     Hex            0%         N/A       67%         2
 Sublimation of Blood     Necr           0%         N/A       67%         2
 Call Canine Familiar     Summ           0%         N/A       88%         3
 Confusing Touch          Hex            0%         N/A       88%         3
 Conjure Flame            Conj/Fire      0%         6-21      88%         3
 Gell's Gravitas          Tloc           0%         N/A       88%         3
 Ignite Poison            Fire/Tmut/Pois 0%         N/A       88%         3
 Mephitic Cloud           Conj/Pois/Air  0%         N/A       88%         3
 Summon Guardian Golem    Hex/Summ       0%         N/A       88%         3
 Petrify                  Tmut/Erth      0%         N/A       99%         4
 Summon Ice Beast         Ice/Summ       0%         N/A       99%         4
 Summon Lightning Spire   Summ/Air       0%         N/A       99%         4
 Alistair's Intoxication  Tmut/Pois      0%         N/A       100%        5
 Irradiate                Conj/Tmut      0%         3d13      100%        5
 Metabolic Englaciation   Hex/Ice        0%         N/A       100%        5
 Yara's Violent Unravell  Hex/Tmut       0%         3d3       100%        5
 Eringya's Noxious Bog    Tmut/Pois      0%         N/A       100%        6


Dungeon Overview and Level Annotations

Branches:
Dungeon (6/15)              Sewer (visited)
 Temple: D:4-7

Altars:

Shops:
D:1 (

Annotations:
D:4 Duvessa
D:6 3 runed translucent doors, paps's ghost, novice DsSu


Innate Abilities, Weirdness & Mutations

You are too large for most types of armour.
You have claws for hands.
Your natural rate of healing is unusually fast.
You are covered in fur. (AC +1)
You have tough skin. (AC +1)


Message History

Duvessa is moderately wounded.
Duvessa hits you with a +0 short sword!!
You are too injured to fight recklessly!
You are too injured to fight recklessly!
You are too injured to fight recklessly!
You are too injured to fight recklessly!
You are too injured to fight recklessly!
You are too injured to fight recklessly!
You are too injured to fight recklessly!
You are too injured to fight recklessly!
You are too injured to fight recklessly!
You are too injured to fight recklessly!
You are too injured to fight recklessly!
You are too injured to fight recklessly!
You are too injured to fight recklessly!
You are too injured to fight recklessly!
You are too injured to fight recklessly!
You are too injured to fight recklessly!
You are too injured to fight recklessly!
You are too injured to fight recklessly!
You are too injured to fight recklessly!
You are too injured to fight recklessly!
You hit Duvessa.
Duvessa is moderately wounded.
Duvessa hits you with a +0 short sword.
You hit Duvessa.
Duvessa is heavily wounded.
Duvessa hits you with a +0 short sword!
* * * LOW HITPOINT WARNING * * *
You slash Duvessa!
Duvessa is severely wounded.
Duvessa hits you with a +0 short sword!
* * * LOW HITPOINT WARNING * * *
You slash Duvessa!
Duvessa is almost dead.
Duvessa hits you but does no damage.
You barely miss Duvessa.
Duvessa is almost dead.
Duvessa hits you with a +0 short sword!
You die...

##.....##.#######..#
##...###.# #####..##
##+# #.# #.....#.#
#. #.# #.###..## #.
#.# #.# #.## ##.##
#.###.###.#
##...###.........#
##..)..######.#####
#...e@.# #.#
#.##.#.######.#
...............#
##.####.######## #
...# #####


You could see Duvessa (berserk).

Vanquished Creatures
  A necrophage (D:6)
  A phantom (D:4)
  3 kobold brigands (Sewer)
  Dowan (D:4)
  A howler monkey (D:6)
  A centaur skeleton (D:4)
  A bullfrog skeleton (D:6)
  2 worker ants (D:4)
  Robin (D:2)
  8 gnolls
  7 adders
  2 oozes
  An adder skeleton (D:5)
  A worm (D:2)
  A dart slug (D:2)
  5 leopard geckos
  4 orcs
  11 bats
  3 giant cockroaches
  20 goblins
  14 hobgoblins
  6 jackals
  18 kobolds
  4 quokkas
  4 ball pythons
  6 frilled lizards
  A jackal skeleton (D:3)
  A jackal zombie (D:6)
  17 rats
146 creatures vanquished.

Vanquished Creatures (others)
  A fungus (Sewer)
  A plant (Sewer)
2 creatures vanquished.

Grand Total: 148 creatures vanquished

Notes
Turn   | Place    | Note
-------+----------+-------------------------------------------
     0 | D:1      | Johnny the Troll Berserker began the quest for the Orb.
     0 | D:1      | Reached XP level 1. HP: 22/22 MP: 0/0
   119 | D:1      | Reached XP level 2. HP: 29/29 MP: 1/1
   139 | D:1      | Found Exoadiv's Weapon Shop.
   183 | D:1      | Reached skill level 3 in Long Blades
   452 | D:1      | Reached XP level 3. HP: 36/36 MP: 2/2
   977 | D:1      | Reached ** piety under Trog
  1136 | D:2      | Noticed Robin
  1148 | D:2      | Reached XP level 4. HP: 45/45 MP: 3/3
  1279 | D:2      | Reached skill level 4 in Long Blades
  1287 | D:2      | Killed Robin
  1371 | D:1      | Reached XP level 5. HP: 53/53 MP: 4/4
  2217 | D:3      | Reached *** piety under Trog
  2556 | D:3      | Found a glowing drain.
  2562 | Sewer    | Entered a sewer
  2596 | Sewer    | Reached skill level 5 in Long Blades
  2596 | Sewer    | Reached XP level 6. HP: 34/62 MP: 5/5
  2703 | Sewer    | HP: 1/62 [kobold brigand/+0 short sword (5)]
  2949 | D:3      | You fall into a shaft and drop 3 floors!
  2967 | D:6      | Reached XP level 7. HP: 66/70 MP: 6/6
  2978 | D:6      | Found a runed translucent gate.
  2978 | D:6      | Found a runed translucent gate.
  2978 | D:6      | Found a runed translucent gate.
  2979 | D:6      | Noticed paps's ghost (novice DsSu)
  2994 | D:6      | Reached skill level 6 in Long Blades
  3037 | D:5      | Entered Level 5 of the Dungeon
  3039 | D:5      | Reached **** piety under Trog
  3606 | D:4      | Noticed Duvessa
  3606 | D:4      | Noticed Dowan
  3621 | D:4      | Killed Dowan
  3629 | D:4      | Slain by Duvessa

Illustrated notes

Levels and vault maps discovered:
D:1:      zelgadis_glass_arrival_small, layout_basic, serial_shops,
          nicolae_shop_crystal
D:2:      layout_loops_ring, uniq_robin
D:3:      layout_loops_ring, portal_sewer_entry_e
D:4:      kennysheep_spiral_hall, layout_loops_corners,
          gammafunk_ghost_necromancy, minmay_fire_ice_demons, uniq_duvessa
D:5:      layout_basic, serial_shops, nicolae_shop_window_shopping
D:6:      layout_rooms, gammafunk_ghost_necromancy

Skill      XL: |  1  2  3  4  5  6  7 |
---------------+----------------------+-----
Long Blades    | 3 4 5 6 |  6.5
Fighting       | 3 4 |  4.7
Dodging        | |  2.4

Action                   |  1- 3 |  4- 6 |  7- 9 || total
-------------------------+-------+-------+-------++-------
Melee: Falchion          |    84 |   303 |    89 ||   476
Invok: Berserk           |     2 |     7 |     2 ||    11
       Trog's Hand       |       |     3 |       ||     3
  Use: Potion            |       |     5 |       ||     5
       Scroll            |       |     2 |       ||     2
 Stab: Sleeping          |     1 |       |       ||     1
Armor: Animal skin       |    28 |   148 |    24 ||   200
Dodge: Dodged            |    61 |   249 |    45 ||   355
       Rpst.: Falchion   |    14 |    71 |    18 ||   103

Table legend: (Time is in decaauts)
 A = Elapsed time spent in this place.
 B = Non-inter-level travel time spent in this place.
 C = Inter-level travel time spent in this place.
 D = Time resting spent in this place.
 E = Time spent auto-exploring this place.
 F = Levels seen in this place.
 G = Mean time per level.
                   A        B        C        D        E       F      G
               +--------+--------+--------+--------+--------+-----+--------+
         Total |   3767 |   3503 |    264 |    300 |   2207 |   7 |  538.1 |
       Dungeon |   3345 |   3081 |    264 |    247 |   2021 |   6 |  557.5 |
         Sewer |    422 |    422 |      0 |     52 |    185 |   1 |  422.0 |
               +--------+--------+--------+--------+--------+-----+--------+

Top non-repeatable levels by time:
     D:1: 1167 daAuts
     D:2: 1005 daAuts
     D:3: 688 daAuts
   Sewer: 422 daAuts
     D:4: 311 daAuts
     D:6: 88 daAuts
     D:5: 83 daAuts
